 Seeded DCSS version 0.29.1-15-g9cfb28693d (webtiles) character file.

Game seed: 7494833264516685070 (custom seed)

80 bmack86 the Insei (level 4, 0/33 HPs)
             Began as a Djinni Transmuter on May 20, 2023.
             Slain by an orc
             ... wielding a +0 mace
              (3 damage)
             ... on level 3 of the Dungeon.
             The game lasted 00:07:54 (2175 turns).

bmack86 the Insei (Djinni Transmuter)               Turns: 2175, Time: 00:07:56

Health: 0/33       AC:  3    Str:  9    XL:     4   Next: 65%
Gold:   85         EV: 10    Int: 16    God:
                   SH:  0    Dex: 14

rFire   + + .      SeeInvis .     - Unarmed
rCold   x . .      Faith    .   (no shield)
rNeg    . . .      Spirit   .   a - +0 robe
rPois   ∞          Reflect  .   (helmet currently unavailable)
rElec   .          Harm     .   e - +0 cloak
rCorr   .          Rampage  .   (no gloves)
Will    .....                   (boots unavailable)
Stlth   +.........              (no amulet)
HPRegen 0.11/turn               (no ring)
MPRegen 0.00/turn               (no ring)

@: appendages, flying, constricted
A: horns 2, flying, sickness immunity, fire resistance 2, cold vulnerability 1,
float, innate caster, HP casting, extra vitality 1
a: End Transformation


You were on level 3 of the Dungeon.
You had temporarily grown beastly horns.
You visited 1 branch of the dungeon, and saw 3 of its levels.

You collected 85 gold pieces.

Inventory:

Hand Weapons
 g - a +0 whip
 v - a +0 hand axe
Missiles
 j - 8 poisoned darts
Armour
 a - a +0 robe (worn)
 e - a +0 cloak (worn)
 u - a +2 hat (melded)
Jewellery
 d - an amulet of faith
Scrolls
 f - a scroll of summoning {unknown}
 m - a scroll of fear
 n - a scroll of immolation {unknown}
 p - a scroll of enchant armour {unknown}
 r - a scroll of blinking {unknown}
 s - a scroll of teleportation {unknown}
 w - a scroll of noise {unknown}
Potions
 b - 2 potions of lignification
 c - 5 potions of curing
 h - a potion of invisibility {unknown}
 k - a potion of cancellation {unknown}
 l - a potion of degeneration {unknown}
 o - a potion of brilliance {unknown}
 t - a potion of might {unknown}


   Skills:
 + Level 2.2 Fighting
 + Level 3.0 Dodging
 + Level 3.5 Unarmed Combat
 + Level 2.1 Spellcasting


You couldn't memorise any spells.
You knew the following spells:

 Your Spells              Type           Power      Damage    Failure   Level
a - Beastly Appendage     Tmut           16%        N/A       9%          1
b - Wereblood             Tmut           8%         N/A       13%         2
c - Spider Form           Tmut/Pois      8%         N/A       26%         3
d - Ice Form              Ice/Tmut       8%         N/A       63%         4
e - Sting                 Tmut/Pois      32%        1d4       9%          1
Your spell library was empty.

Dungeon Overview and Level Annotations

Branches:
Dungeon (3/15)

Altars:
Makhleb

Shops:
D:2 [**[=


Innate Abilities, Weirdness & Mutations

You have temporarily grown beastly horns.
You are flying.
You are immune to sickness and miasma.
You are immune to poison.
Your flesh is very heat resistant. (rF++)
You are vulnerable to cold. (rC-)
You float through the air rather than walking.
You learn spells naturally, not from books.
Your magical power is your life essence.
You have superior vitality. (+4 MHP)


Message History

The orc shouts!
An orc comes into view. It is wielding a +0 whip.
The orc moves out of view.
You see here a +0 short sword.
You grow a pair of large bovine horns.
Your +2 hat melds into your body.
The orc hits you with a +0 club. The orc misses you.
You hit the orc. You headbutt the orc, but do no damage.
The orc is almost dead.
The adder barely misses you.
A frilled lizard comes into view.
The orc hits you with a +0 mace. The adder misses you.
You hit the orc but do no damage. You headbutt the orc.
The orc is moderately wounded.
The adder bites you.
You hit the orc.
The orc is heavily wounded.
The orc hits you with a +0 club. The orc hits you with a +0 mace!
The adder bites you.
You hit the orc but do no damage.
The orc drinks a potion.
The orc is healed!
The orc hits you with a +0 flail!
* * * LOW HITPOINT WARNING * * *
The adder closely misses you. The orc barely misses you.
The ball python barely misses you. The ball python grabs you.
The ball python constricts you.
You hit the orc but do no damage.
The orc is heavily wounded.
The adder barely misses you. The orc hits you with a +0 flail.
* * * LOW HITPOINT WARNING * * *
The orc hits you with a +0 club.
* * * LOW HITPOINT WARNING * * *
The orc hits you but does no damage.
The ball python bites you but does no damage.
The ball python constricts you. The adder barely misses you.
You barely miss the orc. Your headbutt misses the orc.
The goblin hits you but does no damage. The orc hits you with a +0 club.
* * * LOW HITPOINT WARNING * * *
The ball python completely misses you. The ball python constricts you.
* * * LOW HITPOINT WARNING * * *
The orc hits you with a +0 mace.
You die...

..........#
#.........
#...)..######.......
#.....'............
##...†.#####........
#......# #.........
#......# #.........
#......# #...######
#..og..# #...#
#.o@.o.# #...####
##oSS..# #......#
#lo...#########.#
......##........#+#
......###...........
.......#
#...........
........#
#...........
.........#
#...........
#...........


You could see an adder, 5 orcs, a goblin, a ball python and a frilled lizard.

Vanquished Creatures
  3 adders (D:2)
  2 orcs (D:3)
  2 ball pythons
  7 endoplasms
  4 giant cockroaches
  3 goblins
  5 hobgoblins
  2 quokkas
  8 bats
  4 frilled lizards
  3 kobolds (D:1)
  5 rats
48 creatures vanquished.

Notes
Turn   | Place    | Note
-------+----------+-------------------------------------------
     0 | D:1      | bmack86 the Djinni Transmuter began the quest for the Orb.
     0 | D:1      | bmack86 set off with the following spells memorised:
                  | Beastly Appendage, Wereblood, Spider Form, Ice Form.
     0 | D:1      | Reached XP level 1. HP: 17/17 MP: 0/0
   103 | D:1      | Found a faded altar of an unknown god.
   170 | D:1      | Reached XP level 2. HP: 14/22 MP: 0/0
   539 | D:1      | Reached XP level 3. HP: 11/27 MP: 0/0
   539 | D:1      | Learned a level 1 spell: Sting
  1070 | D:2      | Found Eraweuv's Assorted Antiques.
  1101 | D:2      | Found Myrekkica's Jewellery Shoppe.
  1404 | D:2      | Found Zoapeos's Antique Armour Boutique.
  1554 | D:2      | Reached XP level 4. HP: 30/33 MP: 0/0
  1799 | D:2      | Found Zommyuf's General Store.
  1827 | D:2      | Found Kuschob's Antique Armour Shop.
  2052 | D:3      | Found a burning altar of Makhleb.
  2175 | D:3      | Slain by an orc

Illustrated notes

Levels and vault maps discovered:
D:1:      dpeg_arrival_lava_temple_mockup, layout_basic,
          shapermc_ecumenical_altar_mp_highgroup
D:2:      layout_rooms, serial_shops, shop, nicolae_shop_statue_plus, shop,
          nicolae_shop_advertising_works [nicolae_subvault_shop_adworks],
          nicolae_shop_crystal, minmay_misc_feat_room
D:3:      layout_basic, bloody_makhleb, serial_aquarium, aquarium_bridge_square
          [aquarium_subvault_wall, aquarium_subvault_bridge,
          aquarium_subvault_bridge, aquarium_subvault_bridge],
          aquarium_window_1, aquarium_window_3, aquarium_window_fake,
          aquarium_view_2c, aquarium_view_2d, uniq_natasha, uniq_jessica

Skill      XL: |  1  2  3  4 |
---------------+-------------+-----
Spellcasting   | 2 |  2.1
Fighting       | 2 |  2.2
Dodging        | 3 |  3.0
Unarmed Combat | |  3.5

Action                   |  1- 3 |  4- 6 || total
-------------------------+-------+-------++-------
Melee: Unarmed           |   136 |    58 ||   194
       Headbutt          |     4 |     3 ||     7
       Punch             |     4 |       ||     4
 Cast: Beastly Appendage |    10 |     2 ||    12
  Use: Scroll            |       |     3 ||     3
 Stab: Sleeping          |     1 |       ||     1
Armor: Robe              |    48 |    20 ||    68
Dodge: Dodged            |   121 |    41 ||   162
